AoeStats
← Flörider

Oasis

509711470Analyzed
3v3 RM · 6d ago on Sep 27, 2026· 65m 5s· 6 players
Game mode
Random Map
Map size
Normal (6 player)
Population
200
Speed
Normal
Resources
Standard
Victory
Conquest
Starting age
Dark Age
Ending age
Imperial Age
RankedLock teamsTeams togetherTeam positionsShared explorationLock speedFull tech treeHidden civsTurbo modeCheats
Victory
Defeat
🇫🇷 Khmer · France
1071
+15
🇫🇷 Britons · France
1032
+16
🇫🇷 Celts · France
1025
+16
🇩🇪 Bohemians · Germany
1100
-19
🇧🇪 Vietnamese · Belgium
1006
-14
🇩🇪 Persians · Germany
1006
-14
Flörider
8:59 Loom
10:57 Feudal Age
15:12 Castle Age
15:15 Double-Bit Axe
16:20 Bow Saw
16:23 Horse Collar
16:37 Fletching
21:21 Bodkin Arrow
25:34 Fervor
25:26 Pikeman
27:00 Scale Mail Armor
28:52 Redemption
42:28 Imperial Age
40:35 Ballistics
41:45 Chain Mail Armor
42:41 Forging
43:41 Conscription
42:55 Halberdier
44:13 Plate Mail Armor
44:47 Two-Man Saw
43:39 Elite Hussite Wagon
46:12 Bracer
48:35 Chemistry
53:57 Iron Casting
56:19 Houfnice
Oracio
3:13 Loom
12:12 Feudal Age
13:32 Wheelbarrow
12:47 Double-Bit Axe
12:51 Town Watch
13:01 Horse Collar
19:45 Castle Age
17:55 Fletching
18:43 Gold Mining
19:58 Scale Mail Armor
20:08 Forging
19:59 Padded Archer Armor
20:08 Arson
21:13 Hand Cart
22:29 Crossbowman
24:47 Pikeman
25:29 Squires
28:30 Stone Mining
29:46 Bow Saw
29:54 Squires
35:08 Heavy Plow
37:53 Stone Shaft Mining
37:28 Thumb Ring
42:01 Imperial Age
40:24 Bodkin Arrow
42:20 Halberdier
46:02 Chemistry
45:22 Ballistics
45:14 Masonry
56:55 Bloodlines
58:01 Husbandry
57:29 Cavalier
63:21 Two-Man Saw
JRCLD
8:23 Loom
11:01 Feudal Age
12:22 Double-Bit Axe
12:30 Town Watch
14:03 Man-at-Arms
25:24 Castle Age
26:23 Wheelbarrow
29:49 Horse Collar
38:24 Bloodlines
39:42 Heavy Plow
40:19 Husbandry
44:19 Imperial Age
42:18 Husbandry
43:12 Scale Barding Armor
44:20 Hand Cart
44:38 Forging
45:33 Bow Saw
47:01 Iron Casting
49:21 Light Cavalry
50:42 Crop Rotation
54:18 Pikeman
MrKioui
9:11 Loom
11:11 Feudal Age
12:51 Town Watch
15:26 Castle Age
13:45 Double-Bit Axe
27:07 Wheelbarrow
36:02 Imperial Age
33:56 Scale Mail Armor
35:13 Bow Saw
34:56 Gold Mining
36:48 Onager
37:27 Horse Collar
39:16 Furor Celtica
40:14 Siege Engineers
42:00 Forging
43:00 Siege Onager
46:15 Chain Mail Armor
46:36 Iron Casting
48:10 Plate Mail Armor
52:20 Elite Woad Raider
58:18 Blast Furnace
63:27 Ballistics
Myst`
7:38 Loom
11:14 Feudal Age
15:16 Castle Age
17:24 Double-Bit Axe
20:49 Scale Barding Armor
25:38 Forging
29:55 Elite Skirmisher
32:13 Horse Collar
33:16 Wheelbarrow
33:09 Husbandry
34:10 Heavy Plow
34:21 Gold Mining
34:22 Stone Mining
38:09 Imperial Age
37:56 Chain Barding Armor
38:11 Iron Casting
37:40 Scale Mail Armor
37:42 Padded Archer Armor
38:21 Hand Cart
39:31 Bow Saw
38:51 Cavalier
42:59 Conscription
43:36 Gold Shaft Mining
44:06 Two-Man Saw
45:29 Plate Barding Armor
45:57 Blast Furnace
45:14 Leather Archer Armor
44:53 Fletching
46:08 Elite Longbowman
48:09 Ballistics
50:41 Ring Archer Armor
50:10 Bodkin Arrow
51:27 Chemistry
51:46 Yeomen
54:48 Bracer
59:04 Town Watch
Oho
9:37 Loom
11:23 Feudal Age
14:38 Castle Age
14:01 Double-Bit Axe
13:58 Horse Collar
22:11 Bloodlines
23:52 Wheelbarrow
23:21 Heavy Plow
28:48 Husbandry
31:54 Bow Saw
32:01 Hand Cart
34:42 Gold Mining
34:43 Stone Mining
40:17 Imperial Age
37:50 Light Cavalry
39:56 Scale Barding Armor
40:20 Ballistics
40:22 Fletching
40:43 Forging
42:48 Hussar
45:34 Heavy Scorpion
46:20 Double Crossbow
48:25 Chemistry
47:47 Chain Barding Armor
48:03 Iron Casting
Connection lost

Rejoining the realm…

Still unreachable

The connection could not be restored.

Session expired

The server has moved on; the page needs a fresh start.